 Dungeon Crawl Stone Soup version 0.31-a0-1163-gcee99d1eea (webtiles) character file.

Game seed: 502889560162151074

289 James the Ruffian (level 6, -4/38 HPs)
             Began as an Octopode Shapeshifter on Dec 9, 2023.
             Was an Initiate of Gozag.
             Slain by a gnoll bouda
             ... wielding a +0 whip of electrocution
              (14 damage)
             ... on level 4 of the Dungeon.
             The game lasted 00:07:08 (3215 turns).

James the Ruffian (Octopode Shapeshifter)           Turns: 3215, Time: 00:07:08

Health: -4/38      AC:  1    Str: 15    XL:     6   Next: 31%
Magic:  6/6        EV: 13    Int: 13    God:    Gozag
Gold:   45         SH:  5    Dex: 17    Spells: 5/5 levels left

rFire   + .          .
                       - Unarmed
rCold   . . .        (no shield)
rNeg    . . .        (helmet currently unavailable)
rPois   .            f - amulet of reflection
rElec   .            i - ring of protection from fire
rCorr   .            o - +6 ring of dexterity
SInv    .            (no ring)
Will    .....        (no ring)
Stlth   +++          (no ring)
HPRegen 0.26/turn    (no ring)
MPRegen 0.10/turn    (no ring)
                     (no ring)

%: reflection
@: beast-form, gold aura
A: beast (slay +2), almost no armour, amphibious, 8 rings, camouflage 1,
gelatinous body 1, (nimble swimmer 1), tentacles
a: Begin Untransformation, Renounce Religion, Potion Petition, Call Merchant,
Bribe Branch


You were on level 4 of the Dungeon.
You worshipped Gozag.
Gozag was noncommittal.
You were a hulking beast.
You visited 2 branches of the dungeon, and saw 5 of its levels.

You collected 243 gold pieces.
You spent 130 gold pieces at shops.
You paid 68 gold pieces to Gozag.

Inventory:

Missiles
 h - 5 poisoned darts
 j - 33 stones
 k - 6 boomerangs
 n - 2 javelins
Jewellery
 f - an amulet of reflection (around mantle)
   (You found it on level 1 of the Dungeon)
 i - a ring of protection from fire (left tentacle)
   (You found it on level 3 of the Dungeon)
 o - a +6 ring of dexterity (right tentacle)
   (You bought it in a shop on level 1 of the Dungeon)
 q - a ring of fire
   (You found it on level 2 of the Dungeon)
Talismans
 b - a beast talisman
 c - a flux talisman
Scrolls
 l - 3 scrolls of teleportation {@r4}
 u - a scroll of enchant armour
 v - a scroll of amnesia {unknown}
Potions
 a - a potion of lignification {!q}
 d - 2 potions of mutation {!q}
 e - 3 potions of curing {@q1}
 g - 2 potions of heal wounds {unknown}
 m - a potion of might {unknown}
 p - a potion of brilliance {unknown}
 r - a potion of attraction {unknown}
 s - a potion of magic {unknown}
 t - 2 potions of cancellation


   Skills:
 - Level 1.0 Fighting
 - Level 2.0 Dodging
 - Level 6.0 Unarmed Combat
 + Level 4.3 Shapeshifting


You had 5 spell levels left.
You didn't know any spells.
Your spell library contained the following spells:

 Spells                   Type           Power      Damage    Failure   Level
 Slow                     Hex            0%         N/A       30%         1
 Poisonous Vapours        Pois/Air       0%         N/A       43%         2
 Confusing Touch          Hex            0%         N/A       67%         3
 Frozen Ramparts          Ice            0%         1d1       67%         3
 Mephitic Cloud           Conj/Pois/Air  0%         N/A       67%         3
 Sigil of Binding         Hex            0%         N/A       67%         3
 Vampiric Draining        Necr           0%         2d6       67%         3
 Petrify                  Tmut/Erth      0%         N/A       97%         4
 Freezing Cloud           Conj/Ice/Air   0%         6-21      100%        5
 Metabolic Englaciation   Hex/Ice        0%         N/A       100%        5


Dungeon Overview and Level Annotations

Branches:
Dungeon (4/15)             Temple (1/1) D:4

Altars:
Ashenzari
Dithmenos
Elyvilon
Fedhas
Gozag
Hepliaklqana
Kikubaaqudgha
Makhleb
Nemelex Xobeh
Okawaru
Qazlal
Sif Muna
Trog
Uskayaw
Wu Jian
Xom
Yredelemnul
Zin

Shops:
D:1 *

Annotations:
D:2 1 runed translucent door, Crazy Yiuf


Innate Abilities, Weirdness & Mutations

You are a hulking beast.
Your limbs bulge with bestial killing power. (Slay +2)
You cannot wear most types of armour.
You are amphibious.
You can wear up to eight rings at the same time.
Your skin changes colour to match your surroundings (Stealth+).
Your rubbery body absorbs attacks. (AC +1, EV +1)
((You are camouflaged when in or above water. (Stealth+)))
You have tentacles for arms and can constrict up to eight enemies at once.


Message History

An orc priest and an orc come into view.
Found a scroll of identify.
The helpless orc priest fails to defend itself.
You bludgeon the orc priest! Your grab misses the orc priest.
The orc priest hits you with a +0 club.
You tentacle-slap the orc priest. Your grab misses the orc priest.
The orc priest barely misses you. The orc hits you with a +0 flail.
You bludgeon the orc priest!
You kill the orc priest!
The orc misses you.
You tentacle-slap the orc. Your grab misses the orc. You squeeze the orc.
You kill the orc!
You now have 45 gold pieces (gained 5).
You see here a +0 flail.
v - a scroll labelled BUILEU IF PUSM You see here a +0 flail.
A gnoll bouda, 2 gnolls and a hobgoblin come into view.
The gnoll bouda is wielding a +0 whip of electrocution.
Found a stone staircase leading down.
Things that are here:
6 gold pieces; a +0 club Unknown command.
You start resting.
You see here a +0 flail.
A gnoll comes into view. It is wielding a +0 heavy spear.
A gnoll comes into view. It is wielding a +0 spear.
A gnoll comes into view. It is wielding a +0 spear.
Found a stone staircase leading down.
The gnoll shouts!
The gnoll bouda shouts!
The gnoll shouts!
The gnoll shouts!
You hear a shout!
The gnoll hits you with a +0 heavy spear.
You tentacle-slap the gnoll. You grab the gnoll. You constrict the gnoll.
You tentacle-slap the gnoll. You squeeze the gnoll.
You kill the gnoll!
The gnoll bouda barks out a call to the hunt!
The gnolls pick up the pace!
The gnoll closely misses you. The gnoll bouda barely misses you.
Things that are here:
6 gold pieces; a +0 heavy spear You tentacle-slap the gnoll bouda but do no damage.
You grab the gnoll bouda. You constrict the gnoll bouda. The gnoll misses you.
The gnoll bouda hits you with a +0 whip of electrocution!
You are electrocuted!
* * * LOW HITPOINT WARNING * * *
You tentacle-slap the gnoll bouda.
You constrict the gnoll bouda, but do no damage.
The gnoll barely misses you.
The gnoll bouda hits you with a +0 whip of electrocution!
You die...
Your body crumbles into a pile of gold.

#.# #.# #.# ##.#
..# #.# #
...####.########.#
.
.............hggg#
#...###.#######g.#
##..###.#######..#
#.............g.#
#..###.#.####.g.#
# ...#.# ...#
###.#.# .?.#
#...####...###.
#....).$.......


You could see a gnoll bouda and 3 gnolls.

Vanquished Creatures
  A scorpion (D:4)
  An orc priest (D:4)
  A hound (D:3)
  A gnoll bouda (D:4)
  An iguana (D:4)
  3 adders
  5 gnolls
  A worm (D:2)
  A dart slug (D:2)
  An orc (D:4)
  3 bats
  4 endoplasms
  2 giant cockroaches
  2 goblins
  2 jackals (D:3)
  5 quokkas
  6 ball pythons
  4 frilled lizards
  5 kobolds
  2 rats (D:3)
51 creatures vanquished.

Notes
Turn   | Place    | Note
-------+----------+-------------------------------------------
     0 | D:1      | James the Octopode Shapeshifter began the quest for the
                  | Orb.
     0 | D:1      | Reached XP level 1. HP: 13/13 MP: 1/1
    71 | D:1      | Found Gehim's Assorted Antiques.
   225 | D:1      | Reached XP level 2. HP: 18/18 MP: 2/2
   975 | D:2      | Reached skill level 4 in Unarmed Combat
   984 | D:2      | Reached XP level 3. HP: 23/23 MP: 3/3
  1276 | D:2      | Found a runed translucent door.
  1277 | D:2      | Noticed Crazy Yiuf
  1422 | D:3      | Reached skill level 5 in Unarmed Combat
  1422 | D:3      | Reached XP level 4. HP: 23/28 MP: 4/4
  2168 | D:4      | Found a shadowy altar of Dithmenos.
  2315 | D:4      | Reached XP level 5. HP: 32/33 MP: 5/5
  2390 | D:4      | Reached skill level 6 in Unarmed Combat
  2425 | D:4      | Found a staircase to the Ecumenical Temple.
  2432 | Temple   | Found a transporter.
  2432 | Temple   | Found a transporter.
  2432 | Temple   | Found a transporter.
  2432 | Temple   | Found a transporter.
  2432 | Temple   | Entered the Ecumenical Temple
  2447 | Temple   | Became a worshipper of Gozag Ym Sagoz the Greedy
  2608 | D:1      | Bought a shiny marble ring for 130 gold pieces
  2807 | D:4      | Noticed an orc warrior
  3042 | D:4      | Reached XP level 6. HP: 26/38 MP: 6/6
  3215 | D:4      | Slain by a gnoll bouda

Illustrated notes

Levels and vault maps discovered:
D:1:      eino_arrival_druids_welcome, layout_loops_ring, serial_shops,
          nicolae_shop_overgrown_old_shop
D:2:      minmay_evil_eye, layout_rooms, uniq_crazy_yiuf_cottage
D:3:      layout_basic
D:4:      layout_basic, nicolae_dithmenos_the_darkroom,
          minmay_temple_entry_slanted
Temple:   hellmonk_temple_divided_pantheon

Skill      XL: |  1  2  3  4  5 |
---------------+----------------+-----
Unarmed Combat | 4 5 6 |  6.0
Shapeshifting  | 4 |  4.3
Fighting       | |  1.0
Dodging        | |  2.0

Action                     |  1- 3 |  4- 6 || total
---------------------------+-------+-------++-------
  Melee: Unarmed           |    50 |    47 ||    97
         Constrict         |    10 |    13 ||    23
         Tentacles         |     8 |    12 ||    20
         Punch             |     1 |       ||     1
    Use: Scroll            |       |    11 ||    11
   Stab: Sleeping          |    11 |     2 ||    13
         Distracted        |       |     1 ||     1
 Armour: Skin              |    12 |    19 ||    31
  Dodge: Dodged            |    15 |    17 ||    32
  Block: Other             |     5 |     7 ||    12

Table legend: (Time is in decaauts)
 A = Elapsed time spent in this place.
 B = Non-inter-level travel time spent in this place.
 C = Inter-level travel time spent in this place.
 D = Time resting spent in this place.
 E = Time spent auto-exploring this place.
 F = Levels seen in this place.
 G = Mean time per level.
                   A        B        C        D        E       F      G
               +--------+--------+--------+--------+--------+-----+--------+
         Total |   3211 |   2770 |    441 |    136 |   1964 |   5 |  642.2 |
       Dungeon |   3173 |   2732 |    441 |    136 |   1964 |   4 |  793.2 |
        Temple |     38 |     38 |      0 |      0 |      0 |   1 |   38.0 |
               +--------+--------+--------+--------+--------+-----+--------+

Top non-repeatable levels by time:
     D:3: 1026 daAuts
     D:1: 825 daAuts
     D:4: 688 daAuts
     D:2: 633 daAuts
  Temple: 38 daAuts
